 Dungeon Crawl Stone Soup version 0.28-a0-43-g560ac104fe (webtiles) character file.

Game seed: 788405451840542453

450236 willcat the Unseen (level 25, -14/154 HPs)
             Began as a Kobold Delver on July 27, 2021.
             Was a High Priest of Ashenzari.
             Demolished by a golden dragon (22 damage)
             ... on level 5 of the Vaults on July 28, 2021.
             The game lasted 02:26:28 (72044 turns).

willcat the Unseen (Kobold Delver)                 Turns: 72044, Time: 02:26:29

Health: -14/154    AC: 38    Str: 17    XL:     25   Next: 48%
Magic:  48/48      EV: 24    Int: 17    God:    Ashenzari [*****.]
Gold:   4304       SH: 10    Dex: 23    Spells: 47/66 levels left

rFire   . . .      SeeInvis +   U - +9 quick blade of Ashenzari's Failure {freeze, Alch, Self} (curse)
rCold   + . .      Faith    .   u - +0 buckler {rN+}
rNeg    + . .      Spirit   .   A - +7 shadow dragon scales "Oscillating Fan" {Stlth++++, Self, Cun} (curse)
rPois   .          Reflect  .   h - +2 helmet "Ensconced Scepticism" {Self, Evo} (curse)
rElec   .          Harm     .   J - +0 cloak "Shattered Affliction" {Dex+2, Evo, Melee} (curse)
rCorr   .          Rampage  .   W - +1 pair of gloves "Shackled Together" {Fort, Melee} (curse)
Will    ++++.      Clarity  +   M - +0 pair of boots of the Chained Anxiety {Cun, Elem} (curse)
Stlth   ++++++++++              m - amulet "Lashed Portent" {RegenMP rC+ Will+++, Comp, Elem} (curse)
HPRegen 0.35/turn               s - ring "Chained With Me" {AC+4, Melee, Cun} (curse)
MPRegen 0.56/turn               F - ring "Omniscient Sybil" {Str+6, Self, Fort} (curse)

@: lethally poisoned (-14 -> -30), about to teleport
A: small, no large weapons, nightstalker 3
}: 2/15 runes: barnacled, silver
a: Renounce Religion, Shatter the Chains


You were on level 5 of the Vaults.
You worshipped Ashenzari.
Ashenzari was extremely pleased with you.
You visited 7 branches of the dungeon, and saw 34 of its levels.
You visited the Abyss 4 times.
You also visited: Sewer, Bailey and Ice Cave.

You collected 6346 gold pieces.
You spent 2042 gold pieces at shops.

Inventory:

Hand Weapons
 U - the cursed +9 quick blade of Ashenzari's Failure (weapon) {freeze, Alch, Self}
   (You acquired it on level 2 of the Abyss)

   It freezes those it strikes, dealing additional cold damage.
   It can also slow down cold-blooded creatures.
   It has a curse which improves the following skills: Alchemy: Poison Magic and
   Transmutations.
   Introspection: Fighting and Spellcasting.
Missiles
 E - 2 throwing nets (quivered)
Armour
 h - the cursed +2 helmet "Ensconced Scepticism" (worn) {Self, Evo}
   (You found it on level 6 of the Dungeon)

   It has a curse which improves the following skills: Introspection: Fighting
   and Spellcasting.
   Evocations: Evocations.
 u - a +0 buckler of positive energy (worn)
 A - the cursed +7 shadow dragon scales "Oscillating Fan" (worn) {Stlth++++, Self, Cun}
   (You took it off an orc in a bailey)

   Stlth:     It makes you much more stealthy.
   It has a curse which improves the following skills: Introspection: Fighting
   and Spellcasting.
   Cunning:   Dodging and Stealth.
 J - the cursed +0 cloak "Shattered Affliction" (worn) {Dex+2, Evo, Melee}
   (You acquired it on level 3 of the Lair of Beasts)

   Dex:       It affects your dexterity (+2).
   It has a curse which improves the following skills: Evocations: Evocations.
   Melee Combat: Short Blades, Long Blades, Axes, Maces & Flails, Polearms,
   Staves and Unarmed Combat.
 M - the cursed +0 pair of boots of the Chained Anxiety (worn) {Cun, Elem}
   (You found it on level 4 of the Lair of Beasts)

   It has a curse which improves the following skills: Cunning: Dodging and
   Stealth.
   Elements:  Fire Magic, Ice Magic, Air Magic and Earth Magic.
 W - the cursed +1 pair of gloves "Shackled Together" (worn) {Fort, Melee}
   (You found it on level 3 of the Shoals)

   It has a curse which improves the following skills: Fortitude: Armour and
   Shields.
   Melee Combat: Short Blades, Long Blades, Axes, Maces & Flails, Polearms,
   Staves and Unarmed Combat.
Jewellery
 m - the cursed amulet "Lashed Portent" (around neck) {RegenMP rC+ Will+++, Comp, Elem}
   (You found it on level 2 of the Depths)

   [amulet of magic regeneration]

   It increases your rate of magic regeneration.
   rC:        It protects you from cold.
   Will:      It greatly increases your willpower.
   It has a curse which improves the following skills: Companions: Summonings
   and Necromancy.
   Elements:  Fire Magic, Ice Magic, Air Magic and Earth Magic.
 s - the cursed ring "Chained With Me" (left hand) {AC+4, Melee, Cun}
   (You found it on level 9 of the Dungeon)

   [ring of protection]

   AC:        It affects your AC (+4).
   It has a curse which improves the following skills: Melee Combat: Short
   Blades, Long Blades, Axes, Maces & Flails, Polearms, Staves and Unarmed
   Combat.
   Cunning:   Dodging and Stealth.
 B - a ring of fire
 C - the ring of Aculon {Ice rPois rCorr Str+7 Dex-5}
   (You took it off a deep elf death mage on level 3 of the Elven Halls)

   [ring of ice]

   It enhances your ice magic.
   Str:       It affects your strength (+7).
   Dex:       It affects your dexterity (-5).
   rF:        It makes you vulnerable to fire.
   rC:        It protects you from cold.
   rPois:     It protects you from poison.
   rCorr:     It protects you from acid and corrosion.
 F - the cursed ring "Omniscient Sybil" (right hand) {Str+6, Self, Fort}
   (You found it on level 11 of the Dungeon)

   [ring of strength]

   Str:       It affects your strength (+6).
   It has a curse which improves the following skills: Introspection: Fighting
   and Spellcasting.
   Fortitude: Armour and Shields.
Wands
 g - a wand of digging (15)
 x - a wand of iceblast (11)
 D - a wand of paralysis (1)
 V - a wand of acid (15)
Scrolls
 a - 14 scrolls of amnesia
 c - 4 scrolls of fog
 d - 10 scrolls of magic mapping
 e - 7 scrolls of fear
 j - 3 scrolls of immolation
 p - 4 scrolls of teleportation
 q - 3 scrolls of enchant weapon
 y - a scroll of silence
 R - a scroll of holy word
 Z - 2 scrolls of enchant armour
Potions
 b - 5 potions of brilliance
 f - 4 potions of haste
 i - 2 potions of cancellation
 k - a potion of resistance
 l - 6 potions of might
 n - 7 potions of flight
 r - 4 potions of ambrosia
 t - a potion of magic
 w - 4 potions of lignification
 z - 7 potions of mutation
 I - 7 potions of curing
 L - 4 potions of berserk rage
 O - a potion of invisibility
 X - 2 potions of heal wounds
Miscellaneous
 o - a lightning rod (4/4)
 v - a piece from Xom's chessboard (15/15)
 P - a condenser vane (inert)
 S - a phantom mirror (inert)
 T - a box of beasts (inert)


   Skills:
 - Level 8.6(14.6) Fighting
 - Level 8.6(15.1) Short Blades
 - Level 7.6(13.1) Long Blades
 + Level 6.6 Throwing
 + Level 13.0(16.6) Armour
 - Level 16.2(20.7) Dodging
 + Level 17.5(21.8) Stealth
 + Level 9.4(13.2) Shields
 + Level 15.4(21.0) Spellcasting
 - Level 4.5 Conjurations
 + Level 11.2 Hexes
 + Level 10.3(12.8) Summonings
 - Level 10.0 Translocations
 + Level 10.5(12.9) Transmutations
 - Level 1.4(4.0) Fire Magic
 - Level 1.6(4.3) Ice Magic
 - Level 1.5(4.2) Air Magic
 + Level 14.2(17.8) Earth Magic
 - Level 1.6(3.4) Poison Magic
 + Level 13.4(17.0) Evocations


You had 47 spell levels left.
You knew the following spells:

 Your Spells              Type           Power      Damage    Failure   Level
a - Stone Arrow           Conj/Erth      100%       3d13      1%          3
b - Manifold Assault      Tloc           51%        N/A       8%          5
c - Blink                 Tloc           N/A        N/A       1%          2
d - Cause Fear            Hex            27%        N/A       1%          4
e - Summon Mana Viper     Hex/Summ       56%        N/A       3%          5

Your spell library contained the following spells:

 Spells                   Type           Power      Damage    Failure   Level
 Apportation              Tloc           100%       N/A       1%          1
 Sting                    Tmut/Pois      100%       1d8       1%          1
 Summon Small Mammal      Summ           100%       N/A       1%          1
 Ensorcelled Hibernation  Hex/Ice        88%        N/A       1%          2
 Passwall                 Tmut/Erth      52%        N/A       1%          2
 Slow                     Hex            54%        N/A       1%          2
 Call Canine Familiar     Summ           57%        N/A       1%          3
 Confusing Touch          Hex            54%        N/A       1%          3
 Gell's Gravitas          Tloc           25%        N/A       1%          3
 Lesser Beckoning         Tloc           25%        N/A       1%          3
 Spider Form              Tmut/Pois      22%        N/A       1%          3
 Summon Guardian Golem    Hex/Summ       56%        N/A       1%          3
 Teleport Other           Tloc           51%        N/A       1%          3
 Tukima's Dance           Hex            54%        N/A       1%          3
 Animate Armour           Summ/Erth      100%       N/A       1%          4
 Lee's Rapid Deconstruct  Erth           34%        3d18*     1%          5
 Freeze                   Ice            100%       1d11      2%          1
 Magic Dart               Conj           100%       1d8       2%          1
 Inner Flame              Hex/Fire       43%        N/A       2%          3
 Blade Hands              Tmut           29%        N/A       2%          5
 Foxfire                  Conj/Fire      100%       2x1d9     3%          1
 Ignite Poison            Fire/Tmut/Pois 41%        N/A       3%          3
 Yara's Violent Unravell  Hex/Tmut       28%        3d12      3%          5
 Searing Ray              Conj           66%        3d5       4%          2
 Static Discharge         Conj/Air       32%        N/A       4%          2
 Ice Form                 Ice/Tmut       47%        N/A       4%          4
 Summon Ice Beast         Ice/Summ       47%        N/A       4%          4
 Summon Forest            Summ/Tloc      27%        N/A       4%          5
 Poisonous Vapours        Pois/Air       60%        N/A       5%          2
 Fulminant Prism          Conj/Hex       22%        3d13      7%          4
 Conjure Flame            Conj/Fire      32%        6-21      9%          3
 Frozen Ramparts          Ice            64%        1d8       9%          3
 Swiftness                Air            32%        N/A       9%          3
 Iskenderun's Mystic Bla  Conj/Tloc      42%        2d10      9%          4
 Corpse Rot               Necr/Air       N/A        N/A       10%         2
 Mephitic Cloud           Conj/Pois/Air  31%        N/A       10%         3
 Borgnjor's Vile Clutch   Necr/Erth      24%        N/A       11%         5
 Bolt of Magma            Conj/Fire/Erth 23%        4d11      13%         5
 Shadow Creatures         Summ           N/A        N/A       14%         6
 Alistair's Intoxication  Tmut/Pois      30%        N/A       16%         5
 Sublimation of Blood     Necr           9%         N/A       22%         2
 Hailstorm                Conj/Ice       32%        3d8       26%         4
 Invisibility             Hex            27%        N/A       26%         6
 Iron Shot                Conj/Erth      27%        9d6       26%         6
 Sticky Flame             Conj/Fire      32%        2d5       28%         4
 Olgreb's Toxic Radiance  Pois           29%        N/A       36%         4
 Vampiric Draining        Necr           9%         2d7       41%         3
 Iskenderun's Battlesphe  Conj           33%        2d9       58%         5
 Monstrous Menagerie      Summ           28%        N/A       58%         7
 Summon Hydra             Summ           28%        N/A       58%         7
 Fireball                 Conj/Fire      16%        3d8       63%         5
 Eringya's Noxious Bog    Tmut/Pois      22%        N/A       65%         6
 Animate Dead             Necr           9%         N/A       82%         4
 Conjure Ball Lightning   Conj/Air       16%        3x3d6     99%         6
 Storm Form               Tmut/Air       23%        N/A       99%         7
 Death Channel            Necr           9%         N/A       100%        6
 Simulacrum               Ice/Necr       12%        N/A       100%        6
 Orb of Destruction       Conj           16%        9d8       100%        7
 Discord                  Hex            27%        N/A       100%        8
 Lehudib's Crystal Spear  Conj/Erth      27%        10d7      100%        8
 Chain Lightning          Conj/Air       16%        3d21      100%        9
 Fire Storm               Conj/Fire      16%        8d4       100%        9


Dungeon Overview and Level Annotations

Branches:
Dungeon (15/15)              Lair (6/6) D:11         Shoals (4/4) Lair:3
  Snake (0/4) Lair:4        Slime (0/5) Lair:5          Orc (2/2) D:11
    Elf (3/3) Orc:2        Vaults (5/5) D:13          Crypt (0/3) Vaults:2
 Depths (3/5) D:15          Sewer (visited)          Bailey (visited)
  IceCv (visited)
 Temple: D:4-7

Altars:
Ashenzari
Dithmenos
Hepliaklqana
Kikubaaqudgha
Qazlal
Sif Muna
Trog
Beogh
Lugonu

Shops:
D:9 (   D:15 ?(??   Orc:2 ((*(   Elf:3 *   Shoals:3 (   Vaults:2 [*!*?
Depths:3 =[(=

Portals:
Hell: Depths:1 Depths:2
Trove: Vaults:2 (give horn of Geryon)

Annotations:
D:5 Prince Ribbit
Elf:2 3 runed translucent doors


Innate Abilities, Weirdness & Mutations

You are small and have problems with some larger weapons.
You are completely attuned to the shadows.


Message History

The golden dragon is engulfed in freezing vapours.
The golden dragon bites you but does no damage.
The golden dragon closely misses you.
The golden dragon tramples you but does no damage.
The vault guard is engulfed in freezing vapours.
Unknown command.
You escape the tentacled monstrosity's grasp.
The golden dragon is engulfed in freezing vapours.
The golden dragon breathes poison at you.
The blast of poison engulfs you!!
You are poisoned.
The tentacled monstrosity is engulfed in freezing vapours.
The vault guard is engulfed in freezing vapours.
Unknown command.
As you read the scroll of teleportation, it crumbles to dust.
You feel strangely unstable.
You are engulfed in poison gas.
You are more poisoned.
* * * LOW HITPOINT WARNING * * *
You feel extremely sick.
The golden dragon is engulfed in freezing vapours.
The vault guard is engulfed in freezing vapours.
You are engulfed in poison gas.
You are more poisoned.
* * * LOW HITPOINT WARNING * * *
x2 You feel extremely sick.
The tentacled monstrosity is engulfed in freezing vapours.
The tentacled monstrosity tentacle-slaps you.
* * * LOW HITPOINT WARNING * * *
The tentacled monstrosity tentacle-slaps you.
* * * LOW HITPOINT WARNING * * *
You block the tentacled monstrosity's attack.
The tentacled monstrosity completely misses you.
The vault guard is engulfed in freezing vapours.
You kill the vault guard!
You feel better.
You are engulfed in poison gas.
You are lethally poisoned!
* * * LOW HITPOINT WARNING * * *
x2 You feel very sick.
The golden dragon bites you!!
You die...

..##....#....#...............#...
...#..........#..........#..#....
...#....#......#......,,*..#.....
...#............#....., ........
.................#....., ,.......
##.........#.##☼.#§##### #######
........)......☼☼○○§§... ......
.....<<........☼○D§§☼... ......
....<..<...^....@X§§☼............
.....<<..........§☼§§............
##........#######################
.................................
...#....#.....##..{........##....
...#....#..##.##.##.....##.##.##.
...#....#..##....##.....##....##.
...#....#....)([.................
...#.p..#.##.))...##...##.):}..##


You could see a tentacled monstrosity and a golden dragon (catching breath).

Vanquished Creatures
  A dread lich (Vaults:5)
  Frederick (Vaults:1)
  Xtahua (Depths:3)
  5 tentacled monstrosities
  A quicksilver dragon (Vaults:5)
  3 liches
  4 titans
  5 deep elf blademasters
  5 sphinxes
  2 deep elf master archers (Elf:3)
  An ancient champion (Depths:2)
  Frances (Lair:3)
  Polyphemus (Shoals:2)
  3 tengu reavers
  3 shadow dragons (Vaults:5)
  2 storm dragons
  2 fire giants
  3 frost giants
  An orc warlord (Vaults:2)
  8 vault wardens
  An iron dragon (Depths:2)
  4 deep elf sorcerers (Elf:3)
  Louise (Shoals:2)
  6 deep elf elementalists (Elf:3)
  19 ironbound preservers
  A quicksilver ooze (shapeshifter) (D:14)
  17 very ugly things
  18 stone giants
  3 war gargoyles
  A vampire knight (Depths:1)
  4 deep elf demonologists
  An entropy weaver (Vaults:5)
  8 dire elephants
  A spark wasp (Depths:1)
  7 deep elf annihilators
  A black draconian (Abyss:3)
  9 deep elf death magi
  3 merfolk javelineers (Shoals:4)
  3 deep elf high priests
  18 ettins
  Josephine (D:10)
  A fire dragon (Depths:2)
  11 yaktaur captains
  6 ironbound thunderhulks
  4 great orbs of eyes
  3 ice dragons
  9 merfolk impalers
  26 vault guards
  5 hydras
  2 rakshasas
  5 boulder beetles
  A hell beast (Depths:2)
  3 ogre magi
  15 centaur warriors
  4 death knights
  3 alligator snapping turtles (Shoals:2)
  3 catoblepae
  3 spriggan air magi
  A peacekeeper (Vaults:2)
  An alligator (Shoals:2)
  10 ironbound frosthearts
  3 satyrs
  10 two-headed ogres
  4 merfolk aquamancers
  5 deep troll earth magi
  14 death yaks
  A vampire mage (Vaults:1)
  4 merfolk avatars
  6 deep troll shamans
  A hell hog (Depths:2)
  7 tengu warriors
  2 thrashing horrors
  19 dancing weapons
  9 ironbound beastmasters
  Urug (Lair:4)
  A spriggan berserker (Depths:2)
  2 iron trolls (Depths:2)
  15 deep elf knights
  5 skeletal warriors
  A wretched star (Abyss:3)
  A goliath frog (Shoals:2)
  A sea snake (shapeshifter) (Vaults:5)
  3 glowing orange brains
  71 deep trolls
  9 sea snakes
  2 death drakes (shapeshifter)
  18 ironbound convokers
  5 orc knights
  A flayed ghost (D:14)
  21 wizards
  5 phantasmal warriors
  5 deep elf archers
  The ghost of Sobieck the Arsonist, a novice DEFE of Sif Muna (D:9)
  11 lindwurms
  28 deep elf zephyrmancers
  15 harpies
  A large abomination (Abyss:2)
  28 deep elf pyromancers
  2 necromancers
  9 manticores
  A fire giant zombie (Vaults:3)
  7 fauns
  5 merfolk sirens
  56 ugly things
  7 orc sorcerers
  8 cyclopes
  14 elephants
  A salamander (shapeshifter) (Elf:3)
  A stone giant skeleton (Vaults:3)
  22 vault sentinels
  A torpor snail (Lair:4)
  8 black mambas
  A guardian serpent (shapeshifter) (Vaults:5)
  18 cane toads
  Joseph (D:7)
  6 water nymphs
  5 smoke demons
  A gargoyle (D:11)
  A hellion (Abyss:3)
  A freezing wraith (D:14)
  2 rime drakes
  21 yaktaurs
  A tormentor (Shoals:2)
  6 kobold demonologists
  3 efreet
  11 komodo dragons
  An unseen horror (D:10)
  3 tengu conjurers
  A yaktaur skeleton (Vaults:3)
  6 trolls
  A troll (shapeshifter) (Vaults:5)
  5 tyrant leeches (Lair:6)
  5 meliai (D:14)
  3 polar bears
  A hornet (Lair:4)
  13 dream sheep
  14 merfolk
  A raiju (Vaults:4)
  8 wind drakes
  18 slime creatures
  38 blink frogs
  8 snapping turtles
  A meliai zombie (D:15)
  10 air elementals
  2 vampires
  A tarantella (shapeshifter) (Vaults:5)
  A redback (shapeshifter) (D:13)
  24 water elementals
  7 wyverns
  6 wraiths
  85 yaks
  2 elf zombies (Vaults:3)
  3 basilisks
  3 fire elementals
  10 vampire mosquitoes
  Grum (D:10)
  A steam dragon (D:6)
  13 wargs
  8 nagas (Lair:4)
  A harpy simulacrum (D:15)
  An acid dragon (shapeshifter) (Depths:1)
  2 small abominations (Abyss:2)
  4 acid dragons
  9 water moccasins
  2 black bears (D:6)
  An ice beast (Shoals:2)
  A sky beast (D:8)
  A necrophage (D:6)
  38 orc warriors
  28 wolves
  6 boggarts
  6 ogres
  10 centaurs
  7 kobold brigands
  Blork the orc (D:5)
  5 earth elementals
  17 bullfrogs
  11 gnoll sergeants
  A wyvern zombie (D:6)
  A scorpion (D:5)
  A wyvern skeleton (D:7)
  2 hornet simulacra (D:15)
  7 killer bees
  8 howler monkeys
  6 wights (D:9)
  4 electric eels
  2 centaur zombies
  29 orc priests
  3 hounds
  14 jellies (Lair:5)
  A bullfrog skeleton (D:6)
  3 gnoll shamans (D:10)
  35 orc wizards
  3 iguanas (D:6)
  6 hell rats (Lair:5)
  A killer bee zombie (D:8)
  A wolf simulacrum (IceCv)
  3 howler monkey zombies
  18 gnolls
  An adder (D:6)
  An adder (shapeshifter) (Elf:2)
  A river rat (Sewer)
  2 white imps (D:6)
  2 ufetubi
  72 orcs
  A giant cockroach (D:6)
  4 hobgoblins (Bailey)
  A hobgoblin (shapeshifter) (Depths:1)
  2 jackals (Sewer)
  7 kobolds
  12 goblins
  3 rats (Sewer)
  A bush (Shoals:1)
1566 creatures vanquished.

Vanquished Creatures (collateral kills)
  A golden dragon (Vaults:5)
  A storm dragon (Vaults:5)
  Donald (Orc:2)
  A frost giant (Vaults:5)
  A balrug (Depths:3)
  A vault warden (Vaults:5)
  An ironbound preserver (Vaults:5)
  A deep elf annihilator (Elf:3)
  A yaktaur captain (Vaults:5)
  A deep elf high priest (Elf:3)
  5 vault guards (Vaults:5)
  A hell knight (Vaults:5)
  A phantasmal warrior (Vaults:5)
  An ugly thing (Depths:3)
  A freezing wraith (Vaults:5)
19 creatures vanquished.

Vanquished Creatures (others)
  Snorg (D:10)
  An orc high priest (Orc:2)
  A deep elf zephyrmancer (Elf:3)
  A bush (D:14)
  69 fungi
  185 plants
258 creatures vanquished.

Grand Total: 1843 creatures vanquished

Notes
Turn   | Place    | Note
-------+----------+-------------------------------------------
     0 | D:5      | willcat the Kobold Delver began the quest for the Orb.
     0 | D:5      | Reached XP level 1. HP: 14/14 MP: 1/1
    55 | D:5      | Noticed a hound
    58 | D:5      | Killed a hound
    59 | D:5      | Reached skill level 7 in Stealth
    59 | D:5      | Reached XP level 2. HP: 19/19 MP: 2/2
    59 | D:5      | Reached XP level 3. HP: 23/23 MP: 3/3
   113 | D:5      | Noticed Blork the orc
   123 | D:5      | Killed Blork the orc
   124 | D:5      | Reached XP level 4. HP: 28/28 MP: 4/4
   124 | D:5      | Reached XP level 5. HP: 32/32 MP: 5/5
   158 | D:5      | Noticed Prince Ribbit
   382 | D:6      | Noticed a necrophage
   384 | D:6      | Killed a necrophage
   385 | D:6      | Reached skill level 5 in Short Blades
   385 | D:6      | Reached skill level 8 in Stealth
   385 | D:6      | Reached XP level 6. HP: 37/37 MP: 6/6
   399 | D:6      | Noticed a black bear
   404 | D:6      | Killed a black bear
   405 | D:6      | Reached skill level 5 in Dodging
   436 | D:6      | Reached XP level 7. HP: 41/41 MP: 7/7
   545 | D:6      | Noticed a steam dragon
   562 | D:6      | Killed a steam dragon
   563 | D:6      | Reached skill level 9 in Stealth
   942 | D:6      | Found a broken altar of Ashenzari.
   968 | D:6      | Became a worshipper of Ashenzari the Shackled
  1003 | D:6      | Found a glowing drain.
  1010 | Sewer    | Entered a sewer
  1119 | Sewer    | Found a glowing silver altar of Zin.
  1574 | D:6      | Reached XP level 8. HP: 40/46 MP: 8/8
  1589 | D:6      | Reached skill level 1 in Throwing
  2379 | D:7      | Found a shadowy altar of Dithmenos.
  2799 | D:7      | Reached skill level 10 in Stealth
  3273 | D:7      | Noticed Joseph
  3288 | D:7      | Killed Joseph
  3289 | D:7      | Reached XP level 9. HP: 51/51 MP: 9/9
  3637 | D:7      | Found a hazy altar of Hepliaklqana.
  3981 | D:8      | Reached skill level 1 in Evocations
  4251 | D:8      | Found a flagged portal.
  4279 | Bailey   | Entered a bailey
  4388 | Bailey   | Reached skill level 11 in Stealth
  4405 | Bailey   | Reached skill level 1 in Spellcasting
  4554 | Bailey   | Noticed a kobold demonologist
  4554 | Bailey   | Noticed a kobold demonologist
  4584 | Bailey   | Noticed an orange demon
  4594 | Bailey   | Killed a kobold demonologist
  4595 | Bailey   | Reached skill level 1 in Shields
  4620 | Bailey   | Killed a kobold demonologist
  4629 | Bailey   | Found an iron altar of Okawaru.
  4692 | Bailey   | Reached XP level 10. HP: 56/56 MP: 12/12
  5235 | Bailey   | Identified a scroll of acquirement
  5274 | Bailey   | Noticed an orc knight
  5302 | Bailey   | Killed an orc knight
  5519 | Bailey   | Reached skill level 5 in Fighting
  6166 | D:8      | Reached skill level 1 in Armour
  6168 | D:8      | Reached skill level 12 in Stealth
  6172 | D:8      | Reached skill level 5 in Evocations
  6288 | D:8      | Noticed a manticore
  6292 | D:8      | Killed a manticore
  6334 | D:8      | Reached XP level 11. HP: 40/64 MP: 17/17
  6955 | D:8      | Acquired 908 gold pieces
  7637 | D:9      | Found Fewar's Antique Weapon Shop.
  7642 | D:9      | Bought an iridescent falchion for 192 gold pieces
  7642 | D:9      | Identified the +2 falchion of Rotation {vorpal, Will+} (You
                  | bought it in a shop on level 9 of the Dungeon)
  7741 | D:9      | Noticed a manticore
  7755 | D:9      | Killed a manticore
  7944 | D:9      | Found a large runed translucent door.
  7945 | D:9      | Found a large runed translucent door.
  8330 | D:9      | Reached * piety under Ashenzari
  8396 | D:9      | Reached ** piety under Ashenzari
  8474 | D:9      | Noticed Sobieck's ghost (novice DEFE)
  8491 | D:9      | Killed Sobieck's ghost
  8492 | D:9      | Reached skill level 5 in Spellcasting
  8540 | D:10     | Entered Level 10 of the Dungeon
  8605 | D:10     | Reached skill level 10 in Dodging
  8696 | D:10     | Killed Snorg
  8714 | D:10     | Noticed a two-headed ogre
  8718 | D:10     | Killed a two-headed ogre
  8727 | D:10     | Noticed Josephine
  8741 | D:10     | Killed Josephine
  8742 | D:10     | Reached skill level 13 in Stealth
  8860 | D:9      | Reached XP level 12. HP: 75/75 MP: 22/22
  8882 | D:10     | Found a stormy altar of Qazlal.
  8981 | D:10     | Noticed a two-headed ogre
  9044 | D:10     | Killed a two-headed ogre
 10063 | D:10     | Noticed a two-headed ogre
 10081 | D:10     | Killed a two-headed ogre
 10309 | D:10     | Reached skill level 5 in Shields
 10562 | D:10     | Noticed a two-headed ogre
 10562 | D:10     | Noticed a two-headed ogre
 10618 | D:10     | Killed a two-headed ogre
 11366 | D:10     | Learned a level 3 spell: Stone Arrow
 11648 | D:10     | Killed a two-headed ogre
 11980 | D:10     | Noticed a two-headed ogre
 12022 | D:10     | Killed a two-headed ogre
 12023 | D:10     | Reached skill level 1 in Conjurations
 12023 | D:10     | Reached skill level 1 in Earth Magic
 12059 | D:10     | Reached XP level 13. HP: 47/80 MP: 25/25
 12979 | D:10     | Reached skill level 14 in Stealth
 13095 | D:10     | Noticed Grum
 13151 | D:10     | Killed Grum
 13204 | D:10     | Reached skill level 5 in Armour
 13643 | D:11     | Found a staircase to the Lair.
 14231 | D:11     | Identified the +8 long sword of Death's Door {drain, rN+
                  | rCorr Int+2}
 15337 | D:11     | Reached skill level 1 in Long Blades
 15717 | D:11     | Found a staircase to the Orcish Mines.
 16284 | Orc:1    | Entered Level 1 of the Orcish Mines
 16672 | Orc:2    | Entered Level 2 of the Orcish Mines
 16700 | Orc:2    | Found a staircase to the Elven Halls.
 16747 | Orc:2    | Noticed Donald
 17496 | Orc:2    | Killed Donald
 18140 | Orc:2    | Reached XP level 14. HP: 43/88 MP: 27/27
 18555 | Orc:2    | Paralysed by an orc sorcerer for 6 turns
 18941 | Orc:2    | Paralysed by an orc sorcerer for 6 turns
 18990 | Orc:2    | Found Foilycs's Weapon Boutique.
 18991 | Orc:2    | Found Sycuaqi's General Store.
 18992 | Orc:2    | Found Duguczu's Weapon Shop.
 18993 | Orc:2    | Found Atsidgh's Weapon Shop.
 19032 | Orc:2    | Reached *** piety under Ashenzari
 20270 | Lair:1   | Entered Level 1 of the Lair of Beasts
 20501 | Lair:1   | Reached **** piety under Ashenzari
 21405 | Lair:1   | Reached skill level 5 in Earth Magic
 21432 | Lair:2   | Found a frozen archway.
 21446 | IceCv    | Entered an ice cave
 22041 | Lair:2   | Learned a level 5 spell: Manifold Assault
 22047 | Lair:2   | Learned a level 2 spell: Blink
 22445 | Lair:3   | Acquired the +0 cloak of Midsummer {Dex+2}
 22888 | Lair:3   | Reached skill level 1 in Translocations
 23258 | Lair:3   | Found a staircase to the Shoals.
 23661 | Lair:3   | Reached XP level 15. HP: 82/96 MP: 31/31
 24846 | Lair:4   | Noticed Urug
 24858 | Lair:4   | Killed Urug
 25107 | Lair:4   | Found a staircase to the Snake Pit.
 25912 | Lair:5   | Identified the +4 scale mail of the Sea {rElec rCorr Int-5
                  | Dex+7}
 25961 | Lair:5   | Found a staircase to the Slime Pits.
 26329 | Lair:5   | Reached ***** piety under Ashenzari
 27138 | Lair:6   | Entered Level 6 of the Lair of Beasts
 27362 | Lair:6   | Reached skill level 5 in Long Blades
 28240 | Lair:6   | Reached XP level 16. HP: 101/101 MP: 33/33
 28663 | Lair:6   | Reached skill level 10 in Spellcasting
 28907 | Lair:6   | Reached skill level 5 in Translocations
 29886 | Lair:6   | Identified the +4 plate armour of the Stone Wall {rF+
                  | Int+4}
 30914 | D:13     | Found a gate to the Vaults.
 31567 | D:13     | Found a shimmering blue altar of Sif Muna.
 32037 | D:14     | HP: 5/101 [freezing wraith[a death knight] (9)]
 32038 | D:14     | You fall into a shaft and drop 1 floor!
 32038 | D:15     | Entered Level 15 of the Dungeon
 32946 | D:14     | Identified the +1 plate armour of Vumaulol {rC+ rN+ Dex+2
                  | Stlth-}
 33358 | D:14     | Identified the +6 trident of Qazlal {venom, rElec rC-
                  | Str+2}
 33428 | D:14     | Reached XP level 17. HP: 83/106 MP: 35/35
 34403 | D:15     | Found Eplurrax's Magic Scroll Boutique.
 34407 | D:15     | Bought a scroll of teleportation for 51 gold pieces
 34407 | D:15     | Bought a scroll of blinking for 127 gold pieces
 34407 | D:15     | Bought a scroll of fear for 59 gold pieces
 34624 | D:15     | Found Guclier's Magic Scroll Shoppe.
 34635 | D:15     | Bought a scroll of blinking for 112 gold pieces
 34635 | D:15     | Bought a scroll of magic mapping for 52 gold pieces
 34635 | D:15     | Bought a scroll of teleportation for 45 gold pieces
 34635 | D:15     | Bought a scroll of holy word for 112 gold pieces
 34635 | D:15     | Bought a scroll of enchant armour for 112 gold pieces
 34635 | D:15     | Bought a scroll of magic mapping for 52 gold pieces
 34635 | D:15     | Bought a scroll of fear for 52 gold pieces
 34746 | D:15     | Found Cauliqun's Weapon Boutique.
 34917 | D:15     | Found Soamucee's Magic Scroll Emporium.
 34993 | D:15     | Bought a scroll of teleportation for 42 gold pieces
 34993 | D:15     | Bought a scroll of teleportation for 42 gold pieces
 34993 | D:15     | Bought a scroll of blinking for 105 gold pieces
 35311 | D:15     | Found a staircase to the Depths.
 35494 | Depths:1 | Entered Level 1 of the Depths
 36245 | Depths:1 | Found a corrupted altar of Lugonu.
 36266 | Depths:1 | Noticed a sphinx
 36794 | Depths:1 | Identified the +6 arbalest "Cac Gaek" {venom, Fly Will-
                  | Int+3 Stlth+}
 37080 | Shoals:1 | Entered Level 1 of the Shoals
 37080 | Shoals:1 | Noticed Frances
 37359 | Lair:3   | Killed Frances
 37958 | Shoals:1 | Learned a level 4 spell: Cause Fear
 38667 | Shoals:2 | Noticed Louise
 38671 | Shoals:2 | Cast into level 3 of the Abyss (Louise)
 38681 | Abyss:3  | Found a corrupted altar of Lugonu.
 38718 | Shoals:2 | Escaped the Abyss
 38736 | Shoals:2 | Cast into level 3 of the Abyss (Louise)
 38807 | Shoals:2 | Escaped the Abyss
 38835 | Shoals:2 | Cast into level 2 of the Abyss (Louise)
 38885 | Abyss:2  | Reached skill level 1 in Hexes
 39005 | Abyss:2  | Acquired a +5 quick blade
 39103 | Shoals:2 | Escaped the Abyss
 40159 | Shoals:2 | Killed Louise
 40626 | Shoals:2 | Reached skill level 10 in Earth Magic
 40979 | Shoals:3 | Reached XP level 18. HP: 114/114 MP: 38/38
 40980 | Shoals:3 | Found Cucierez's Weapon Emporium.
 41273 | Shoals:3 | Noticed Polyphemus
 41283 | Shoals:3 | Reached skill level 10 in Armour
 41297 | Shoals:2 | Killed Polyphemus
 42473 | Shoals:4 | Entered Level 4 of the Shoals
 42530 | Shoals:4 | Paralysed by an air elemental for 1 turns
 42536 | Shoals:4 | Paralysed by an air elemental for 1 turns
 42679 | Shoals:4 | Reached skill level 1 in Air Magic
 42725 | Shoals:4 | Reached skill level 1 in Transmutations
 42725 | Shoals:4 | Reached skill level 1 in Ice Magic
 42991 | Shoals:4 | Reached skill level 1 in Poison Magic
 43039 | Shoals:4 | Identified the +1 plate armour "Lis Mong" {Str+4}
 43052 | Shoals:4 | Reached skill level 1 in Fire Magic
 43143 | Shoals:4 | Paralysed by an air elemental for 1 turns
 43149 | Shoals:4 | Paralysed by an air elemental for 1 turns
 43636 | Shoals:4 | Learned a level 5 spell: Summon Mana Viper
 43731 | Shoals:4 | Identified the +10 morningstar "Ogrebane" {protect, rC+
                  | rCorr Int+4}
 43925 | Shoals:4 | Paralysed by an air elemental for 1 turns
 43928 | Shoals:4 | Paralysed by an air elemental for 1 turns
 44158 | Shoals:4 | Reached skill level 1 in Summonings
 44179 | Shoals:4 | Identified the Catalogue of Attacks and Transformation
 44202 | Shoals:4 | Got a barnacled rune of Zot
 44281 | Shoals:4 | Paralysed by an air elemental for 1 turns
 44284 | Shoals:4 | Identified Baotwank's Handbook of Freezing Flames
 44288 | Shoals:4 | Paralysed by an air elemental for 1 turns
 44294 | Shoals:4 | Paralysed by an air elemental for 1 turns
 44301 | Shoals:4 | Paralysed by an air elemental for 1 turns
 44313 | Shoals:4 | Paralysed by an air elemental for 1 turns
 44323 | Shoals:4 | Paralysed by an air elemental for 1 turns
 44608 | Shoals:4 | Paralysed by an air elemental for 1 turns
 44615 | Shoals:4 | Paralysed by an air elemental for 1 turns
 45044 | Vaults:1 | Entered Level 1 of the Vaults
 45245 | Vaults:1 | Reached XP level 19. HP: 99/122 MP: 32/41
 45481 | Vaults:1 | Reached skill level 5 in Hexes
 45604 | Vaults:1 | Reached skill level 15 in Stealth
 47530 | Vaults:2 | Identified the +5 shortbow "Ulitz" {freeze, rElec Str+2
                  | Int+2}
 47611 | Vaults:2 | Found Boril's Armour Shoppe.
 47709 | Vaults:2 | Reached skill level 10 in Translocations
 47722 | Vaults:2 | Found Yreiref's Assorted Antiques.
 47727 | Vaults:2 | Bought 2 fuming emerald potions for 68 gold pieces
 48042 | Vaults:2 | Reached XP level 20. HP: 115/128 MP: 42/42
 48060 | Vaults:2 | Noticed Frederick
 48696 | Vaults:1 | Killed Frederick
 48915 | Vaults:2 | Reached skill level 5 in Transmutations
 49223 | Vaults:2 | Found Zoar's Distillery.
 49224 | Vaults:2 | Found Uclastru's General Store.
 49228 | Vaults:2 | Bought a potion of heal wounds for 105 gold pieces
 49228 | Vaults:2 | Bought 2 potions of curing for 126 gold pieces
 49228 | Vaults:2 | Bought a potion of haste for 210 gold pieces
 49228 | Vaults:2 | Bought a potion of attraction for 63 gold pieces
 49228 | Vaults:2 | Bought a potion of might for 84 gold pieces
 49228 | Vaults:2 | Bought a potion of might for 84 gold pieces
 49228 | Vaults:2 | Bought a potion of curing for 63 gold pieces
 49234 | Vaults:2 | Bought a scroll of teleportation for 30 gold pieces
 49437 | Vaults:2 | Found a portal to a secret trove of treasure.
 49705 | Vaults:2 | Reached skill level 5 in Summonings
 49878 | Vaults:2 | Found Qus Duh's Magic Scroll Shop.
 50004 | Vaults:2 | Found a staircase to the Crypt.
 51417 | Vaults:3 | Reached XP level 21. HP: 132/132 MP: 44/44
 52161 | Vaults:3 | Reached skill level 15 in Dodging
 52775 | Vaults:4 | Reached skill level 10 in Evocations
 52775 | Vaults:4 | Cast into level 3 of the Abyss (a wizard)
 52776 | Abyss:3  | Found a corrupted altar of Lugonu.
 53019 | Vaults:4 | Escaped the Abyss
 55111 | Vaults:4 | Reached XP level 22. HP: 138/138 MP: 45/45
 55632 | Vaults:4 | Upgraded the game from 0.28-a0-32-g8dfe7f97f6 to
                  | 0.28-a0-43-g560ac104fe
 56108 | Depths:1 | Found a gateway to Hell.
 58211 | Depths:2 | Identified the amulet of Oschefae {RegenMP rC+ Will+++}
 58609 | Depths:2 | Identified Cynkioh's Grimoire of Intoxication and Evil
 58807 | Depths:2 | Reached XP level 23. HP: 110/143 MP: 47/47
 59098 | Depths:2 | Found a bloodstained altar of Trog.
 59860 | Depths:3 | Found Xothrona's Weapon Boutique.
 59868 | Depths:3 | Found Fuseinu's Antique Armour Shop.
 59879 | Depths:3 | Found Muemn's Jewellery Shop.
 59885 | Depths:3 | Noticed Xtahua
 60296 | Elf:1    | Entered Level 1 of the Elven Halls
 60348 | Elf:1    | Found an ancient bone altar of Kikubaaqudgha.
 61303 | Elf:1    | Found the +6 lightning scales {swift, rElec}
 61341 | Elf:1    | Reached skill level 16 in Stealth
 61843 | Elf:2    | Found a runed translucent gate.
 61844 | Elf:2    | Found a runed translucent gate.
 61956 | Elf:2    | Found a runed translucent gate.
 62513 | Elf:2    | Reached skill level 10 in Hexes
 62914 | Elf:3    | Entered Level 3 of the Elven Halls
 64041 | Elf:3    | Found Fefo's General Store.
 64053 | Elf:3    | Bought a scroll of teleportation for 54 gold pieces
 64201 | Elf:3    | Reached XP level 24. HP: 145/149 MP: 47/47
 64647 | Elf:3    | Identified the +5 trident of Duit {speed, Int+4}
 64708 | Elf:3    | Identified the ring of Aculon {Ice rPois rCorr Str+7 Dex-5}
 64745 | Elf:3    | Identified the +6 spear of Xutupp {drain, rF+ rC+ rCorr
                  | Int-4}
 64745 | Elf:3    | Identified the +2 fire dragon scales "Ahao" {rElec rF++ rC-
                  | Str+2 Int-2}
 65147 | Elf:3    | Identified the Incunabulum of Feathers and Toxins
 65153 | Elf:3    | Identified the +6 shortbow "Impslayer" {vorpal, rCorr
                  | Dex+4}
 65158 | Elf:3    | Identified the Guide on Beguiling
 65512 | Elf:3    | Identified the +1 spear of Lies {flame, *Corrode rElec
                  | Dex+6 Stlth+}
 65853 | Depths:3 | Killed Xtahua
 66348 | Depths:3 | Reached ****** piety under Ashenzari
 66520 | Depths:3 | Found Yrpheox's Jewellery Shoppe.
 66631 | Depths:3 | Reached skill level 15 in Spellcasting
 67333 | Vaults:5 | Entered Level 5 of the Vaults
 67372 | Vaults:5 | Reached skill level 5 in Throwing
 67450 | Vaults:5 | Noticed a dread lich
 67477 | Vaults:5 | Got a silver rune of Zot
 68100 | Vaults:5 | Reached skill level 17 in Stealth
 68495 | Vaults:5 | Reached skill level 10 in Transmutations
 69168 | Vaults:5 | Noticed a golden dragon
 69483 | Vaults:5 | Noticed a golden dragon
 69502 | Vaults:5 | Killed a golden dragon
 69843 | Vaults:5 | Identified the +8 mace of the Key {freeze, Fly rN++ Will-
                  | Int+3}
 70008 | Vaults:5 | Reached XP level 25. HP: 102/154 MP: 47/47
 70055 | Vaults:5 | Reached skill level 10 in Summonings
 71152 | Vaults:5 | Identified the +5 rapier of Ofaotov {drain, rPois Dex-5
                  | SInv}
 71688 | Vaults:5 | Killed a dread lich
 72044 | Vaults:5 | Demolished by a golden dragon

Illustrated notes

Levels and vault maps discovered:
D:5:      minmay_evil_eye, layout_basic, kennysheep_generic_room_16, uniq_pikel,
          uniq_blork_the_orc, uniq_prince_ribbit1
D:6:      layout_basic, nicolae_ashenzari_panopticon, portal_sewer_entry_b,
          minmay_small_thing
D:7:      layout_basic, mainiacjoe_overflow_surrounded_room,
          nicolae_dithmenos_shadow_blocks, gammafunk_ghost_berserking_beasts,
          hellmonk_bongcloud_opening, uniq_joseph
D:8:      layout_basic, enter_bailey_5, kennysheep_generic_room_3
D:9:      layout_basic, serial_shops, shop_coins, ebering_ghost_disaster_area,
          minmay_increasing_density
D:10:     lemuel_castle_with_subvaults [lemuel_castle_interior_carwin_3],
          layout_stronghold, nicolae_qazlal_scattered_showers, uniq_grum,
          uniq_josephine, uniq_snorg
D:11:     layout_basic, dpeg_lair_monsters, david_orc_1_choice, special_room
          [special_room_orc], minmay_misc_feat_x
D:12:     layout_rooms
D:13:     layout_rooms, david_vaults_4, tgw_sif
D:14:     minmay_the_grid_square_5x5_3x3
          [minmay_the_grid_square_5x5_half_checkered,
          minmay_the_grid_square_5x5_inset, minmay_the_grid_square_5x5_six,
          minmay_the_grid_square_5x5_comb,
          minmay_the_grid_square_5x5_megaprize_checkered,
          minmay_the_grid_square_5x5_hourglass,
          minmay_the_grid_square_5x5_three_small,
          minmay_the_grid_square_5x5_hollow_slash,
          minmay_the_grid_square_5x5_fancy_junction], layout_long_grid,
          serial_park_tiny_1
D:15:     grunt_enter_depths_magical_seal, layout_loops_ring, serial_shops,
          shop, nicolae_shop_crystal, shop,
          nicolae_shop_temple_entry_statues_fountains, minmay_misc_feat_rows
Lair:1:   layout_loops_ring
Lair:2:   layout_loops_ring, portal_ice_cave_entry_pillars_1
Lair:3:   layout_concentric_octagons, minmay_shoals_entry_hut
Lair:4:   layout_cave_pods, minmay_snake_entry_guardpost_medium,
          grunt_megastairs_2, uniq_urug
Lair:5:   layout_regular_city, minmay_slime_entry_jelly_boxes
Lair:6:   minmay_lair_end_frog_pond, layout_long_grid,
          nicolae_quartered_pool_medium, serial_bayou_shore_b,
          serial_bayou_shore_a
Shoals:1: layout_shoals, yaktaur_hedge, uniq_frances
Shoals:2: layout_shoals, nicolae_shoals_goliath_grotto, uniq_louise
Shoals:3: layout_shoals, serial_shops, nicolae_shop_statue_plus,
          nicolae_shoals_seven_spires, nicolae_shoals_so_close, uniq_polyphemus
Shoals:4: shoals_end_hellmonk_storm_palace [storm_palace_center_circular,
          storm_palace_corner_pillars, storm_palace_corner_pillars,
          storm_palace_corner_grid, storm_palace_corner_pillars]
Orc:1:    cheibrodos_orc_guarddog, layout_caves, serial_shops, rock_pile
Orc:2:    st_orc_mages, layout_diamond_mine, basic_altar, uniq_donald
Elf:1:    layout_geoelf_octagon, basic_altar, kennysheep_underground_church,
          grunt_ministairs_2, drop_trap
Elf:2:    elven_hall_of_blades_hangedman_original
          [nicolae_blade_entry_crossed_weapons], layout_loops_ring
Elf:3:    grunt_elf_hall_asides, layout_onion_city, serial_shops, shop
Vaults:1: v_misc_17, v_misc_2, v_misc_30, grunt_vaults_bifocal, v_misc_28,
          nicolae_vaults_network_star, vaults_standard_mumra_lines,
          nicolae_vaults_twisting_passages, layout_vaults_omnibox
Vaults:2: hangedman_vaults_hat, minmay_crypt_entry_simple_box,
          nicolae_vaults_mini_display_case, v_pattern_2, st_more_cells,
          v_misc_25, vaults_mumra_minichess_inversion,
          nicolae_vaults_shelves_hall, layout_vaults_big_room, serial_shops,
          nicolae_shop_temple_entry_statues_fountains, shop, shop_statue,
          nicolae_shop_trees, nicolae_shop_waterfront, enter_trove_0,
          uniq_frederick
Vaults:3: grunt_vaults_twisty, vaults_standard_mumra_enter_the_diamond,
          nicolae_vaults_network_quincunx
          [nicolae_vaults_network_quincunx_subvault,
          nicolae_vaults_network_quincunx_subvault,
          nicolae_vaults_network_quincunx_subvault,
          nicolae_vaults_network_quincunx_subvault,
          nicolae_vaults_network_quincunx_subvault],
          nicolae_vaults_ninety_degrees, v_rooms_5,
          ontoclasm_vaults_decontamination, hangedman_vaults_capsules,
          ontoclasm_vaults_ligature, st_lines, nicolae_vaults_shelves_hall,
          ontoclasm_vaults_twist, vaults_dpeg_hooks, layout_vaults_omnicross
Vaults:4: v_misc_11, nicolae_vaults_puzzle_piece, v_misc_23,
          nicolae_vaults_inception_scallops, nicolae_vaults_specimen_jars,
          ontoclasm_vaults_ring_large, vaults_room_boxed,
          nicolae_vaults_what_the_h, v_misc_1, nicolae_vaults_asterisk,
          grunt_vaults_funnel, vaults_room_door_ring, layout_vaults_maze_bifur
Vaults:5
Depths:1: nzn_winding_woodlands_three_and_one
          [nzn_winding_woodlands_5x15_longhouse,
          nzn_winding_woodlands_5x15_garden,
          nzn_winding_woodlands_5x15_concentric,
          nzn_winding_woodlands_center_triple_pond], layout_cave_shapes,
          serial_bayou_pond_b, hell_entry, grunt_decor_junction, st_stairs_11,
          tgw_lugonu_bribe
Depths:2: grunt_double_whammy, layout_basic, grunt_mini_vestibule, bloody_trog
Depths:3: kennysheep_large_spiral, layout_cross, serial_shops, shop, shop, shop,
          shop, pan_entry, hellmouth_3, minmay_staircase_statues, uniq_mara,
          uniq_xtahua

Skill      XL: |  1  2  3  4  5  6  7  8  9 10 11 12 13 14 15 16 17 18 19 20 21 22 23 24 25 |
---------------+----------------------------------------------------------------------------+-----
Short Blades   | 3 4 5 6 8 |  8.6
Dodging        | 3 4 5 6 7 8 9 10 11 12 13 14 15 16 | 16.2
Stealth        | 7 8 9 10 11 12 13 14 15 16 17 | 17.5
Throwing       | 3 4 5 6 |  6.6
Evocations     | 3 5 6 8 9 10 11 12 13 | 13.4
Spellcasting   | 1 4 5 6 7 8 9 10 11 12 13 14 15 | 15.4
Shields        | 1 3 4 5 6 7 8 9 |  9.4
Fighting       | 4 5 6 8 |  8.6
Armour         | 1 3 4 5 6 7 8 9 10 11 12 13 | 13.0
Conjurations   | 1 3 4 |  4.5
Earth Magic    | 1 3 5 7 8 10 11 12 13 14 | 14.2
Long Blades    | 2 3 5 6 7 |  7.6
Translocations | 1 4 6 8 9 10 | 10.0
Hexes          | 2 4 6 7 8 9 10 11 | 11.2
Air Magic      | 1 |  1.5
Transmutations | 2 4 6 7 8 9 10 | 10.5
Ice Magic      | 1 |  1.6
Poison Magic   | 1 |  1.6
Fire Magic     | 1 |  1.4
Summonings     | 2 4 5 7 8 9 10 | 10.3

Action                   |  1- 3 |  4- 6 |  7- 9 | 10-12 | 13-15 | 16-18 | 19-21 | 22-24 | 25-27 || total
-------------------------+-------+-------+-------+-------+-------+-------+-------+-------+-------++-------
Melee: Short sword       |     3 |    15 |   210 |       |       |       |       |       |       ||   228
       Dagger            |       |       |   272 |  1369 |   394 |       |       |       |       ||  2035
       Long sword        |       |       |       |       |  1346 |  1124 |       |       |       ||  2470
       Quick blade       |       |       |       |       |       |   734 |  1913 |  2431 |   523 ||  5601
Throw: Throwing net      |       |       |       |       |       |    13 |     5 |    20 |     1 ||    39
       Dart              |       |       |       |       |       |     1 |       |       |       ||     1
 Cast: Manifold Assault  |       |       |       |       |     4 |     4 |     3 |       |       ||    11
       Stone Arrow       |       |       |       |       |       |     3 |       |       |       ||     3
       Cause Fear        |       |       |       |       |       |       |     4 |       |       ||     4
       Summon Mana Viper |       |       |       |       |       |       |       |    12 |       ||    12
       Blink             |       |       |       |       |       |       |       |       |     1 ||     1
Invok: Curse Item        |       |       |     1 |     3 |     5 |     3 |       |     1 |       ||    13
       Shatter the Chain |       |       |       |       |     2 |     1 |       |     1 |       ||     4
Evoke: Wand              |       |       |     1 |       |    18 |    47 |    19 |    20 |     1 ||   106
       Piece from Xom's  |       |       |     1 |    15 |     1 |     3 |       |       |     2 ||    22
       Lightning rod     |       |       |       |       |     2 |    12 |     2 |    14 |       ||    30
       Condenser vane    |       |       |       |       |       |     1 |     8 |     6 |     3 ||    18
       Box of beasts     |       |       |       |       |       |       |       |     5 |     2 ||     7
       Phantom mirror    |       |       |       |       |       |       |       |     1 |     3 ||     4
  Use: Scroll            |       |     1 |     1 |     6 |     7 |    23 |     2 |     8 |     1 ||    49
       Potion            |       |       |     5 |     3 |     2 |     7 |     2 |     5 |     1 ||    25
 Stab: Sleeping          |     3 |     4 |    19 |    33 |    54 |    64 |    87 |    95 |       ||   359
       Invisible         |       |       |     2 |     1 |       |       |       |       |       ||     3
       Distracted        |       |       |     1 |     6 |    18 |     6 |     3 |    19 |     8 ||    61
       Paralysed         |       |       |       |     2 |    14 |     6 |     1 |     1 |       ||    24
       Held in net/web   |       |       |       |       |       |     8 |     5 |    19 |     1 ||    33
Armor: Leather armour    |       |     5 |    65 |    35 |       |       |       |       |       ||   105
       Acid dragon scale |       |       |       |    75 |   272 |       |       |       |       ||   347
       Shadow dragon sca |       |       |       |       |    63 |   550 |   272 |   323 |   101 ||  1309
Dodge: Dodged            |       |     7 |   363 |   593 |  1383 |   997 |   514 |   581 |   173 ||  4611
Block: Buckler           |       |       |    14 |   274 |   627 |   566 |   305 |   319 |   110 ||  2215
       Rpst.: Long sword |       |       |       |       |   349 |   164 |       |       |       ||   513

Table legend: (Time is in decaauts)
 A = Elapsed time spent in this place.
 B = Non-inter-level travel time spent in this place.
 C = Inter-level travel time spent in this place.
 D = Time resting spent in this place.
 E = Time spent auto-exploring this place.
 F = Levels seen in this place.
 G = Mean time per level.
                   A        B        C        D        E       F      G
               +--------+--------+--------+--------+--------+-----+--------+
         Total |  67674 |  64739 |   2935 |  19466 |  30128 |  41 | 1650.6 |
       Dungeon |  20896 |  19335 |   1561 |   5111 |  10070 |  11 | 1899.6 |
          Lair |  10382 |  10036 |    346 |   3107 |   4798 |   6 | 1730.3 |
        Shoals |   7016 |   6785 |    231 |   2135 |   2979 |   4 | 1754.0 |
  Orcish Mines |   3150 |   3030 |    120 |   1581 |    793 |   2 | 1575.0 |
   Elven Halls |   4884 |   4731 |    153 |   1409 |   2384 |   3 | 1628.0 |
        Vaults |  12943 |  12489 |    454 |   3089 |   6280 |   5 | 2588.6 |
        Depths |   5834 |   5766 |     68 |   2500 |   1909 |   3 | 1944.7 |
         Abyss |    610 |    610 |      0 |      0 |      0 |   4 |  152.5 |
         Sewer |    320 |    320 |      0 |      0 |    257 |   1 |  320.0 |
        Bailey |   1621 |   1621 |      0 |    533 |    655 |   1 | 1621.0 |
      Ice Cave |     13 |     13 |      0 |      0 |      1 |   1 |   13.0 |
               +--------+--------+--------+--------+--------+-----+--------+

Top non-repeatable levels by time:
    D:10: 4204 daAuts
Vaults:5: 3876 daAuts
Depths:2: 3305 daAuts
  Lair:6: 3004 daAuts
Vaults:1: 2868 daAuts
    D:11: 2757 daAuts
Vaults:4: 2560 daAuts
   Elf:3: 2444 daAuts
   Orc:2: 2307 daAuts
Shoals:4: 2143 daAuts
    D:15: 2101 daAuts
Depths:1: 2100 daAuts
Vaults:3: 2036 daAuts
    D:14: 2012 daAuts
  Lair:3: 1987 daAuts
